 Dungeon Sprint DCSS version 0.31-b1-22-gc680215f68 (webtiles) character file.

Game seed: 12931215632573276112

63 thiscave3701365 the Trooper (level 3, -9/38 HPs)
             Began as a Minotaur Berserker on Jan 18, 2024.
             Was a Follower of Trog.
             Killed from afar by an ironbound thunderhulk (47 damage)
             ... with a bolt of lightning
             ... in the Dungeon (Sprint V: "Ziggurat Sprint").
             The game lasted 00:05:06 (144 turns).

thiscave3701365 the Trooper (Minotaur Berserker)     Turns: 144, Time: 00:05:36

Health: -9/38      AC: 21    Str: 35    XL:     3   Next: 87%
Magic:  2/2        EV:  7    Int:  4    God:    Trog [*.....]
Gold:   0          SH:  0    Dex:  9    Spells: 2/2 levels left

rFire   . . .        r - +10 dark maul {heavy}
rCold   . . .        (shield currently unavailable)
rNeg    . . .        i - +5 crystal plate armour
rPois   .            (helmet restricted)
rElec   .            (no cloak)
rCorr   .            (no gloves)
SInv    .            (no boots)
Will    .....        a - amulet of faith Stlth
                     w - +6 ring of strength
HPRegen 0.26/turn    v - +6 ring of strength
MPRegen 0.08/turn

%: no teleportation, faith
@: no status effects
A: horns 2, retaliatory headbutt
a: Renounce Religion, Berserk


You were in the Dungeon.
You worshipped Trog.
Trog was aware of your devotion.
You visited 1 branch

Inventory:

Hand Weapons
 r - the +10 dark maul (weapon) {heavy}
   (You found it in the Dungeon)
Armour
 i - a +5 crystal plate armour (worn)
Jewellery
 a - an amulet of faith (around neck)
 q - a ring of flight
 v - a +6 ring of strength (right hand)
 w - a +6 ring of strength (left hand)
Talismans
 m - a beast talisman
 n - a blade talisman
 o - a maw talisman
 p - a serpent talisman
Wands
 x - a wand of mindburst (7)
 y - a wand of iceblast (7)
 z - a wand of light (7)
Scrolls
 h - a scroll of blinking
Potions
 c - a potion of curing
 d - a potion of heal wounds
 e - a potion of haste
 f - 2 potions of magic
 g - a potion of berserk rage


   Skills:
 + Level 6.6 Fighting
 + Level 6.6(6.7) Axes
 + Level 0.9(4.2) Maces & Flails
 + Level 3.9 Armour
 + Level 3.4 Dodging


You had 2 spell levels left.
You didn't know any spells.
Your spell library was empty.

Dungeon Overview and Level Annotations

Branches:
Dungeon (1/1)

Altars:
Ashenzari
Cheibriados
Dithmenos
Elyvilon
Fedhas
Gozag
Hepliaklqana
Kikubaaqudgha
Makhleb
Nemelex Xobeh
Okawaru
Qazlal
Ru
Sif Muna
Trog
Uskayaw
Vehumet
Wu Jian
Xom
Yredelemnul
Zin
The Shining One
Jiyva
Lugonu


Innate Abilities, Weirdness & Mutations

You have a pair of horns on your head.
You reflexively headbutt those who attack you in melee.


Message History

The jackal bites you but does no damage. x4
Your Fighting skill gained 3 levels and is now at level 6!
Your Axes skill gained 3 levels and is now at level 6!
Your Armour skill increases to level 3!
Your Dodging skill increases to level 3!
You have reached level 2!
You have reached level 3!
Your experience leads to an increase in your attributes!
Your base attributes are Str 21, Int 4, Dex 9.
Increase (S)trength, (I)ntelligence, or (D)exterity?
You feel stronger. x2
Unknown command.
Unknown command.
You crush the jackal like a grape!!!!
You kill the jackal!
Trog accepts your kill.
Unknown command.
a - an amulet of faith You see here a +1 long sword of freezing.
Partly explored, unvisited transporter.
Partly explored, unvisited transporter.
You see here a +1 long sword of freezing.
There is a transporter here.
You start putting on your amulet.
You continue putting on your amulet of faith. x5
You finish putting on your amulet of faith.
You feel a surge of divine interest.
a - an amulet of faith (around neck) Partly explored, unvisited transporter.
Partly explored, unvisited transporter.
Partly explored, unvisited transporter.
Partly explored, unvisited transporter.
Welcome to arena 2.
You enter the transporter and appear at another place. 2 ironbound thunderhulks and a dire elephant come into view.
The ironbound thunderhulk shouts! x2; The dire elephant trumpets!
Electricity crackles from the ironbound thunderhulk's apparatus.
The bolt of lightning hits you!!!
Ouch! That really hurt!
You die...

▓▓▓▓▓▓▓▓▓▓▓▓▓
▓.8©8.▓.8©8.▓
▓.OOY.▓.....▓
▓.....▓.)...▓
▓.....▓.....▓
▓.....▓..†..▓
▓.....▓..©..▓
▓..@..▓▓▓▓▓▓▓
▓▓▓▓▓▓▓


You could see a dire elephant and 2 ironbound thunderhulks.

Vanquished Creatures
  A bullfrog (D)
  A jackal (D)
2 creatures vanquished.

Notes
Turn   | Place    | Note
-------+----------+-------------------------------------------
     0 | D        | thiscave3701365 the Minotaur Berserker began the quest for
                  | the Orb.
     0 | D        | Reached XP level 1. HP: 19/19 MP: 0/0
    20 | D        | Found a blossoming altar of Fedhas.
    20 | D        | Found the +6 Majin-Bo {spellvamp, MP+6 Int+6}
    20 | D        | Found the +27 heavy crossbow "Sniper" {heavy, Acc+∞ SInv}
    20 | D        | Found the +10 dark maul {heavy}
    20 | D        | Found the +15 Maxwell's patent armour {-Cast -Tele rElec
                  | Will+ rCorr}
    20 | D        | Found the +18 shield of the Gong {Loud rN+ Will+ rCorr
                  | EV-5}
    20 | D        | Found the +16 obsidian axe {drain, demonic, Mesm ^Drain Fly
                  | SInv}
    20 | D        | Found the +7 great mace "Firestarter" {flame, immolate,
                  | rFlCloud rF++}
    20 | D        | Found the +6 shillelagh "Devastator" {shatter}
    20 | D        | Found the +11 plutonium sword {^Contam Stlth-}
    20 | D        | Found the +8 lance "Wyrmbane" {slay drac, rPois rF+ rC+
                  | AC+3}
    20 | D        | Found the +9 sword of Zonguldrok {reap}
    20 | D        | Found the +13 scythe of Curses {drain, curses, ^Drain}
    20 | D        | Found the +9 sword of Power {lifebolt}
    20 | D        | Found the +7 mace of Variability {chaos, chaos arc}
    20 | D        | Found the +11 Singing Sword {sonic wave}
    20 | D        | Found the +8 storm bow {elec, penet}
    22 | D        | Found a viscous altar of Jiyva.
    22 | D        | Found a hazy altar of Hepliaklqana.
    22 | D        | Found a transporter.
    22 | D        | Found an opulent altar of Gozag.
    22 | D        | Found an ancient bone altar of Kikubaaqudgha.
    22 | D        | Found a corrupted altar of Lugonu.
    35 | D        | Found a burning altar of Makhleb.
    36 | D        | Found a stormy altar of Qazlal.
    36 | D        | Found a sacrificial altar of Ru.
    36 | D        | Found an iron altar of Okawaru.
    36 | D        | Found a shimmering blue altar of Sif Muna.
    36 | D        | Found a sparkling altar of Nemelex Xobeh.
    36 | D        | Found a bloodstained altar of Trog.
   123 | D        | Entered arena 2.
   123 | D        | Noticed a bullfrog
   123 | D        | Found a transporter.
   124 | D        | Killed a bullfrog
   125 | D        | Reached XP level 2. HP: 31/31 MP: 1/1
   125 | D        | Reached XP level 3. HP: 38/38 MP: 2/2
   144 | D        | Entered arena 3.
   144 | D        | Noticed an ironbound thunderhulk
   144 | D        | Noticed an ironbound thunderhulk
   144 | D        | Noticed a dire elephant
   144 | D        | Killed from afar by an ironbound thunderhulk

Illustrated notes

Levels and vault maps discovered:
D:        sprint_v [room_start, room_1, room_2, room_3, room_4, room_5, room_6,
          room_7, room_8, room_9, room_10, room_11, room_12, room_13, room_14,
          room_15, room_16, room_17, room_18, room_19, room_20, room_21,
          room_22, room_23, room_24, room_25, room_26, room_27]

Skill      XL: |  1 |
---------------+----+-----
Fighting       | 6 |  6.6
Axes           | 6 |  6.6
Armour         | 3 |  3.9
Dodging        | 3 |  3.4
Maces & Flails | |  0.9

Action                     || total
---------------------------++-------
  Melee: Maul              ||     2
 Armour: Crystal plate arm ||     5
  Dodge: Dodged            ||     1
